 Dungeon Crawl Stone Soup version 0.21-a0-522-ga8338f0 (webtiles) character file.

95 tehllama the Insei (level 4, 0/28 HPs)
             Began as an Octopode Transmuter on Dec 6, 2017.
             Slain by a goblin (3 damage)
             ... led by Robin
             ... on level 3 of the Dungeon.
             The game lasted 00:03:24 (2563 turns).

tehllama the Insei (Octopode Transmuter)            Turns: 2563, Time: 00:03:25

Health: 0/28       AC:  1    Str: 15 (18) XL:     4   Next: 66%
Magic:  7/7        EV: 15    Int: 13 (15) God:
Gold:   168        SH:  0    Dex:  9 (12) Spells: 6/7 levels left

rFire    . . .     SeeInvis .     - Unarmed
rCold    . . .     Gourm    .   (no shield)
rNeg     . . .     Faith    .   (helmet restricted)
rPois    .         Spirit   .   (no amulet)
rElec    .         Reflect  .   o - +3 ring of strength
rCorr    .         Harm     .   r - +2 ring of evasion
MR       .....                  (no ring)
Stlth    +++.......             (no ring)
HPRegen  0.09/turn              (no ring)
MPRegen  0.10/turn              (no ring)
                                (no ring)
                                (no ring)

@: mighty, invisible
A: almost no armour, stealthy swim, amphibious, 8 rings, constrict 8, camouflage
1, gelatinous body 1
a: no special abilities


You were on level 3 of the Dungeon.
You were not hungry.

You visited 1 branch of the dungeon, and saw 3 of its levels.

You collected 168 gold pieces.

Inventory:

Missiles
 a - 37 arrows
Jewellery
 o - a +3 ring of strength (left tentacle)
 r - a +2 ring of evasion (right tentacle)
Scrolls
 d - a scroll of identify {unknown}
 e - 2 scrolls of enchant weapon {unknown}
 f - 2 scrolls of amnesia {unknown}
 g - a scroll of magic mapping {unknown}
 i - a scroll of enchant armour {unknown}
 k - a scroll of immolation {unknown}
 n - 3 scrolls of teleportation {unknown}
 q - a scroll of fear {unknown}
Potions
 h - a potion of agility {unknown}
 p - a potion of might
 t - a potion of degeneration
Books
 b - a book of Changes

   Spells                             Type                      Level
   a - Beastly Appendage              Transmutation                1
   b - Sticks to Snakes               Transmutation                2
   c - Spider Form                    Transmutation/Poison         3
   d - Ice Form                       Ice/Transmutation            4
   e - Blade Hands                    Transmutation                5
Comestibles
 c - a bread ration
 m - a royal jelly
 s - a meat ration


   Skills:
 - Level 1.0 Fighting
 - Level 2.0 Dodging
 + Level 2.2 Stealth
 * Level 4.9 Unarmed Combat
 - Level 2.0 Spellcasting
 - Level 2.0 Transmutations


You had 6 spell levels left.
You knew the following spells:

 Your Spells              Type           Power        Failure   Level  Hunger
a - Beastly Appendage     Tmut           #.....       11%         1    ##.....


Dungeon Overview and Level Annotations

Branches:
Dungeon (3/15)

Altars:
Cheibriados
Elyvilon

Annotations:
D:3 Robin


Innate Abilities, Weirdness & Mutations

You cannot wear most types of armour.
You are very stealthy in the water. (Stealth+)
You are amphibious.
You can wear up to eight rings at the same time.
You can use your tentacles to constrict eight enemies at once.
Your skin changes colour to match your surroundings (Stealth+).
Your rubbery body absorbs attacks. (AC +1, EV +1)


Message History

The centaur skeleton hits you.
* * * LOW HITPOINT WARNING * * *
The goblin misses you. The goblin hits you with a club.
* * * LOW HITPOINT WARNING * * *
The goblin misses you.
The centaur skeleton closely misses you.
It was a potion of curing.
You feel better. The centaur skeleton hits you.
* * * LOW HITPOINT WARNING * * *
Robin throws the goblin at you!
* * * LOW HITPOINT WARNING * * *
The goblin barely misses you. The goblin hits you.
* * * LOW HITPOINT WARNING * * *
The goblin misses you. The goblin hits you but does no damage.
The goblin misses you.
It was a potion of invisibility.
You fade into invisibility!
The goblin closely misses you.
The centaur skeleton completely misses you.
The goblin misses you. The goblin completely misses you. The goblin hits you.
You die...

### ### ###
..###.#####...
#.##...>..#.# #.
#.#....$..g. #.
##.##...#..# #.
#.....†#ggg#.##.#
#.
#..##.#..@ggg....
#.
#..##.##ggZ######
####.###..##.###..#
#(........##.. ...#
#.###.##.##### #.##
#.###.##[## #+#
#.#.......#
#.#.#.##.##
#.#.#..###


You could see Robin, 2 hobgoblins, 6 goblins and a centaur skeleton.

Vanquished Creatures
  4 adders
  2 worms (D:2)
  2 dart slugs
  4 orcs (D:3)
  4 bats
  A giant cockroach (D:1)
  5 hobgoblins
  2 jackals (D:2)
  7 kobolds
  3 frilled lizards
  7 goblins
  4 rats
45 creatures vanquished.

Notes
Turn   | Place    | Note
-------+----------+-------------------------------------------
     0 | D:1      | tehllama the Octopode Transmuter began the quest for the Orb.
     0 | D:1      | Reached XP level 1. HP: 13/13 MP: 3/3
   195 | D:1      | Reached XP level 2. HP: 16/18 MP: 5/5
  1061 | D:2      | Reached skill level 4 in Unarmed Combat
  1061 | D:2      | Reached XP level 3. HP: 23/23 MP: 6/6
  1185 | D:2      | Reached skill level 1 in Stealth
  1517 | D:2      | Found a snail-covered altar of Cheibriados.
  1625 | D:2      | Reached XP level 4. HP: 28/28 MP: 7/7
  2163 | D:3      | Found a white marble altar of Elyvilon.
  2552 | D:3      | Noticed Robin
  2563 | D:3      | Slain by a goblin

Vault maps used:
D:1:      lightli_arrival_windingriver, minmay_misc_feat_alley
D:2:      lemuel_upstairs_altar, kennysheep_slug_shrine
D:3:      elyvilon_altar_3, zin_academy, first_bread, uniq_robin

Skill      XL: |  1  2  3  4 |
---------------+-------------+-----
Unarmed Combat | 4 |  4.9
Stealth        | 1 2 |  2.2
Fighting       | |  1.0
Dodging        | |  2.0
Spellcasting   | |  2.0
Transmutations | |  2.0

Action                   |  1- 3 |  4- 6 || total
-------------------------+-------+-------++-------
Melee: Unarmed           |    60 |    32 ||    92
       Tentacles         |    13 |     3 ||    16
       Constrict         |    16 |     9 ||    25
       Punch             |     1 |     2 ||     3
       Kick              |     3 |     2 ||     5
 Cast: Beastly Appendage |     1 |     1 ||     2
  Use: Potion            |       |     4 ||     4
 Stab: Sleeping          |    11 |     2 ||    13
  Eat: Chunk             |     2 |     3 ||     5
Armor: Skin              |     4 |     2 ||     6
Dodge: Dodged            |    28 |    34 ||    62

Table legend:
 A = Spawn XP
 B = Non-spawn XP
 C = Spawn XP percentage of total XP
 D = Spawn monster count
 E = Non-spawn monster count
 F = Spawn count percentage of total count
 G = Total turns spent on level
                    A         B        C        D         E        F      G
               +---------+---------+-------+---------+---------+-------+---------
         Total |       0 |     137 |   0.0 |       0 |      45 |   0.0 |  2563
               +---------+---------+-------+---------+---------+-------+---------
           D:1 |       0 |      25 |   0.0 |       0 |      14 |   0.0 |  1055
           D:2 |       0 |      73 |   0.0 |       0 |      18 |   0.0 |  1074
           D:3 |       0 |      39 |   0.0 |       0 |      13 |   0.0 |   434
               +---------+---------+-------+---------+---------+-------+---------
